 Dungeon Crawl Stone Soup version 0.29-a0-732-g3d7fbe0af2 (webtiles) character file.

Game seed: 7941965667590351620

123 elite277 the Grave Robber (level 5, -6/60 HPs)
             Began as a Human Necromancer on June 29, 2022.
             Killed from afar by Ijyb (16 damage)
             ... with a bolt of acid
             ... on level 3 of the Dungeon.
             The game lasted 00:09:53 (2010 turns).

elite277 the Grave Robber (Human Necromancer)       Turns: 2010, Time: 00:09:53

Health: -6/60      AC: 18    Str: 12 (14) XL:     5   Next: 28%
Magic:  0/9        EV:  2    Int: 15 (18) God:
Gold:   111        SH:  0    Dex: 11 (13) Spells: 8/10 levels left

rFire   . . .      SeeInvis .   c - +0 dagger
rCold   . . .      Faith    .   (no shield)
rNeg    + . .      Spirit   .   (body armour currently unavailable)
rPois   +          Reflect  .   (helmet currently unavailable)
rElec   .          Harm     .   (cloak currently unavailable)
rCorr   .          Rampage  .   (gloves currently unavailable)
Will    .....      NoTele   +   (boots currently unavailable)
Stlth   ++........              (no amulet)
HPRegen 0.20/turn               p - +6 ring of strength
MPRegen 0.11/turn               s - ring of positive energy

@: brilliant, tree-form, corroded
A: stationary, stasis, torment immunity, boosted hp
a: no special abilities


You were on level 3 of the Dungeon.
You were a tree.
You visited 1 branch of the dungeon, and saw 3 of its levels.

You collected 111 gold pieces.

Inventory:

Hand Weapons
 c - a +0 dagger (weapon)
Armour
 a - a +0 robe (melded)
 g - a +0 helmet (melded)
 r - a +0 leather armour
Jewellery
 p - a +6 ring of strength (left branch)
 s - a ring of positive energy (right branch)
 t - a +6 ring of dexterity
Scrolls
 f - 2 scrolls of vulnerability {unknown}
 i - 3 scrolls of enchant armour {unknown}
 j - a scroll of silence {unknown}
 k - a scroll of teleportation {unknown}
 l - 2 scrolls of identify {unknown}
 o - a scroll of noise {unknown}
 u - a scroll of blinking {unknown}
 v - a scroll of fog {unknown}
 w - a scroll of amnesia {unknown}
Potions
 b - a potion of magic
 e - 2 potions of lignification
 q - a potion of berserk rage {unknown}


   Skills:
 + Level 2.8 Fighting
 + Level 1.6(2.0) Short Blades
 + Level 1.5(2.0) Long Blades
 + Level 1.5(2.2) Axes
 + Level 1.5(2.2) Maces & Flails
 + Level 1.5(2.2) Polearms
 + Level 1.5(2.2) Staves
 + Level 1.5 Ranged Weapons
 + Level 2.5 Throwing
 + Level 2.0 Armour
 + Level 2.8 Dodging
 + Level 2.9 Stealth
 + Level 1.5 Shields
 + Level 1.5 Unarmed Combat
 + Level 3.3 Spellcasting
 * Level 2.0 Conjurations
 + Level 1.5 Hexes
 + Level 1.5 Summonings
 + Level 5.0 Necromancy
 + Level 3.7 Translocations
 + Level 1.5 Transmutations
 + Level 1.5 Fire Magic
 + Level 1.5 Ice Magic
 * Level 1.6 Air Magic
 + Level 1.5 Earth Magic
 + Level 1.5 Poison Magic
 + Level 1.7 Invocations
 + Level 1.5 Evocations


You had 8 spell levels left.
You knew the following spells:

 Your Spells              Type           Power      Damage    Failure   Level
a - Necrotize             Necr           100%       1d9       2%          1
b - Shock                 Conj/Air       44%        1d5       10%         1

Your spell library contained the following spells:

 Spells                   Type           Power      Damage    Failure   Level
 Vampiric Draining        Necr           26%        2d7       8%          3
 Animate Dead             Necr           26%        N/A       24%         4
 Swiftness                Air            11%        N/A       30%         3
 Agony                    Necr           26%        N/A       56%         5
 Airstrike                Air            5%         N/A       69%         4


Dungeon Overview and Level Annotations

Branches:
Dungeon (3/15)

Altars:

Annotations:
D:3 1 runed translucent door, Ijyb


Message History

It was a potion of degeneration.
There was something very wrong with that liquid.
You feel weakened.
You feel dopey.
You feel clumsy. Ijyb hits you with a +0 dagger.
* * * LOW HITPOINT WARNING * * *
It was a potion of experience.
You feel more experienced!
Your Fighting skill gained 2 levels and is now at level 2!
Your base Short Blades skill increases to level 1!
Your base Long Blades skill increases to level 1!
Your base Axes skill increases to level 1!
Your base Maces & Flails skill increases to level 1!
Your base Polearms skill increases to level 1!
Your base Staves skill increases to level 1!
Your Ranged Weapons skill increases to level 1!
Your Throwing skill gained 2 levels and is now at level 2!
Your Armour skill gained 2 levels and is now at level 2!
Your Shields skill increases to level 1!
Your Unarmed Combat skill increases to level 1!
Your Spellcasting skill increases to level 3!
Your Conjurations skill gained 2 levels and is now at level 2!
Your Hexes skill increases to level 1!
Your Summonings skill increases to level 1!
Your Necromancy skill increases to level 5!
Your Translocations skill gained 3 levels and is now at level 3!
Your Transmutations skill increases to level 1!
Your Fire Magic skill increases to level 1!
Your Ice Magic skill increases to level 1!
Your Air Magic skill increases to level 1!
Your Earth Magic skill increases to level 1!
Your Poison Magic skill increases to level 1!
Your Invocations skill increases to level 1!
Your Evocations skill increases to level 1!
You have reached level 5!
Ijyb hits you with a +0 dagger.
* * * LOW HITPOINT WARNING * * *
It was a potion of brilliance.
You feel clever all of a sudden.
Ijyb zaps a wand.
The bolt of acid hits you!
You die...

#... #.......... #.).
#.##.#.#.) #........
#......#..
#.......#####......#.#
####.................>...
....... .................
.......###......##...##..
......rg........##...##..
......$#♣.......##...##..
.......#........##...#...
.......#.............#...
......##....##.......# .(
.....( #....##.......#
...$.. #....###...####
##.... #....# #...#
###### #...# #...#


You could see Ijyb and a quokka.

Vanquished Creatures
  An adder (D:2)
  2 worms (D:2)
  3 endoplasms
  3 giant cockroaches
  2 goblins
  4 hobgoblins
  3 jackals (D:2)
  4 kobolds
  A quokka (D:1)
  5 ball pythons
  7 bats
  3 frilled lizards
  2 rats (D:1)
40 creatures vanquished.

Vanquished Creatures (collateral kills)
  An endoplasm (D:2)
  A goblin (D:1)
  A jackal (D:2)
3 creatures vanquished.

Grand Total: 43 creatures vanquished

Notes
Turn   | Place    | Note
-------+----------+-------------------------------------------
     0 | D:1      | elite277 the Human Necromancer began the quest for the Orb.
     0 | D:1      | Reached XP level 1. HP: 13/13 MP: 3/3
   138 | D:1      | Reached XP level 2. HP: 19/19 MP: 1/5
   355 | D:1      | Learned a level 1 spell: Shock
   709 | D:2      | Reached XP level 3. HP: 24/24 MP: 2/6
   734 | D:2      | Found a faded altar of an unknown god.
  1359 | D:2      | Reached XP level 4. HP: 30/30 MP: 0/7
  1889 | D:3      | Found a runed translucent door.
  1989 | D:3      | Noticed Ijyb
  2005 | D:3      | HP: 2/45 [Ijyb/bolt of acid (8)]
  2009 | D:3      | Reached skill level 1 in Short Blades
  2009 | D:3      | Reached skill level 1 in Long Blades
  2009 | D:3      | Reached skill level 1 in Axes
  2009 | D:3      | Reached skill level 1 in Maces & Flails
  2009 | D:3      | Reached skill level 1 in Polearms
  2009 | D:3      | Reached skill level 1 in Staves
  2009 | D:3      | Reached skill level 1 in Ranged Weapons
  2009 | D:3      | Reached skill level 1 in Shields
  2009 | D:3      | Reached skill level 1 in Unarmed Combat
  2009 | D:3      | Reached skill level 1 in Hexes
  2009 | D:3      | Reached skill level 1 in Summonings
  2009 | D:3      | Reached skill level 5 in Necromancy
  2009 | D:3      | Reached skill level 1 in Transmutations
  2009 | D:3      | Reached skill level 1 in Fire Magic
  2009 | D:3      | Reached skill level 1 in Ice Magic
  2009 | D:3      | Reached skill level 1 in Air Magic
  2009 | D:3      | Reached skill level 1 in Earth Magic
  2009 | D:3      | Reached skill level 1 in Poison Magic
  2009 | D:3      | Reached skill level 1 in Invocations
  2009 | D:3      | Reached skill level 1 in Evocations
  2009 | D:3      | Reached XP level 5. HP: 10/40 MP: 0/9
  2010 | D:3      | Killed from afar by Ijyb

Illustrated notes

Levels and vault maps discovered:
D:1:      tarquinn_simple_flora_water_a, layout_basic, minmay_tiny_reverse_x
D:2:      layout_basic, chequers_ecumenical_altar_simple, minmay_tetromino_s2
D:3:      layout_basic, uniq_ijyb, uniq_crazy_yiuf_cottage

Skill      XL: |  1  2  3  4 |
---------------+-------------+-----
Fighting       | 2 |  2.8
Short Blades   | 1 |  1.6
Long Blades    | 1 |  1.5
Axes           | 1 |  1.5
Maces & Flails | 1 |  1.5
Polearms       | 1 |  1.5
Staves         | 1 |  1.5
Ranged Weapons | 1 |  1.5
Throwing       | 2 |  2.5
Armour         | 2 |  2.0
Shields        | 1 |  1.5
Unarmed Combat | 1 |  1.5
Spellcasting   | 3 |  3.3
Conjurations   | 2 |  2.0
Hexes          | 1 |  1.5
Summonings     | 1 |  1.5
Necromancy     | 5 |  5.0
Translocations | 3 |  3.7
Transmutations | 1 |  1.5
Fire Magic     | 1 |  1.5
Ice Magic      | 1 |  1.5
Air Magic      | 1 |  1.6
Earth Magic    | 1 |  1.5
Poison Magic   | 1 |  1.5
Invocations    | 1 |  1.7
Evocations     | 1 |  1.5
Dodging        | |  2.8
Stealth        | |  2.9

Action                   |  1- 3 |  4- 6 || total
-------------------------+-------+-------++-------
Melee: Dagger            |    29 |    18 ||    47
 Cast: Necrotize         |    52 |    19 ||    71
       Shock             |       |     6 ||     6
  Use: Potion            |       |     6 ||     6
Armor: Robe              |    17 |     6 ||    23
       Skin              |       |     4 ||     4
Dodge: Dodged            |    20 |     8 ||    28

Table legend: (Time is in decaauts)
 A = Elapsed time spent in this place.
 B = Non-inter-level travel time spent in this place.
 C = Inter-level travel time spent in this place.
 D = Time resting spent in this place.
 E = Time spent auto-exploring this place.
 F = Levels seen in this place.
 G = Mean time per level.
                   A        B        C        D        E       F      G
               +--------+--------+--------+--------+--------+-----+--------+
         Total |   2007 |   2007 |      0 |      0 |   1131 |   3 |  669.0 |
       Dungeon |   2007 |   2007 |      0 |      0 |   1131 |   3 |  669.0 |
               +--------+--------+--------+--------+--------+-----+--------+

Top non-repeatable levels by time:
     D:2: 1125 daAuts
     D:1: 647 daAuts
     D:3: 234 daAuts
